 Dungeon Crawl Stone Soup version 0.28.0-53-g5a82cb258f (webtiles) character file.

Game seed: 6641912939380988350

823 Descartes the Ruffian (level 7, -6/67 HPs)
             Began as a Troll Warper on June 6, 2022.
             Mangled by an unseen horror (8 damage)
             ... on level 7 of the Dungeon.
             The game lasted 00:06:37 (4867 turns).

Descartes the Ruffian (Troll Warper)                Turns: 4867, Time: 00:06:37

Health: -6/67      AC:  4    Str: 20    XL:     7   Next: 63%
Magic:  7/7        EV:  9    Int: 11    God:
Gold:   240        SH:  0    Dex:  9    Spells: 8/8 levels left

rFire   . . .      SeeInvis .     - Unarmed
rCold   . . .      Faith    .   (no shield)
rNeg    . . .      Spirit   .   a - +0 robe
rPois   .          Reflect  .   (helmet restricted)
rElec   .          Harm     .   (no cloak)
rCorr   .          Rampage  .   (gloves unavailable)
Will    .....                   (boots unavailable)
Stlth   +.........              (no amulet)
HPRegen 1.01/turn               (no ring)
MPRegen 0.10/turn               (no ring)

@: no status effects
A: large, unfitting armour, claws 3, regeneration 1, shaggy fur 1, tough skin 1
a: no special abilities


You were on level 7 of the Dungeon.
You visited 2 branches of the dungeon, and saw 8 of its levels.

You collected 240 gold pieces.

Inventory:

Hand Weapons
 u - a +4 shortbow
Missiles
 c - 5 boomerangs of dispersal (quivered)
 f - 100 stones
 h - 2 datura-tipped darts
 n - 2 poisoned darts
 v - 39 arrows
 x - 4 atropa-tipped darts
 y - 20 sling bullets
Armour
 a - a +0 robe (worn)
Wands
 j - a wand of mindburst (7)
 o - a wand of charming (4)
 q - a wand of flame (34)
 s - a wand of polymorph (9)
Scrolls
 b - 2 scrolls of blinking
 d - 2 scrolls of torment {unknown}
 e - 4 scrolls of teleportation {unknown}
 i - 2 scrolls of holy word {unknown}
 k - 6 scrolls of identify {unknown}
 l - a scroll of magic mapping {unknown}
 m - a scroll of immolation {unknown}
 p - a scroll of silence {unknown}
 w - a scroll of enchant armour {unknown}
 z - a scroll of vulnerability {unknown}
Potions
 g - a potion of resistance {unknown}
 r - a potion of ambrosia {unknown}
 t - a potion of attraction {unknown}
 A - a potion of curing {unknown}
 B - a potion of might {unknown}


   Skills:
 + Level 3.5 Fighting
 + Level 3.4 Throwing
 + Level 2.9 Armour
 - Level 1.9 Dodging
 + Level 4.2 Unarmed Combat
 - Level 1.2 Spellcasting
 + Level 3.6 Translocations


You had 8 spell levels left.
You didn't know any spells.
Your spell library contained the following spells:

 Spells                   Type           Power      Damage    Failure   Level
 Blink                    Tloc           16%        N/A       11%         2
 Gell's Gravitas          Tloc           8%         N/A       22%         3
 Lesser Beckoning         Tloc           8%         N/A       22%         3
 Teleport Other           Tloc           8%         N/A       22%         3
 Manifold Assault         Tloc           8%         N/A       89%         5


Dungeon Overview and Level Annotations

Branches:
Dungeon (7/15)             Temple (1/1) D:4

Altars:
Ashenzari
Cheibriados
Dithmenos
Elyvilon
Fedhas
Gozag
Hepliaklqana
Kikubaaqudgha
Makhleb
Okawaru
Qazlal
Ru
Sif Muna
Trog
Vehumet
Wu Jian
Xom
Yredelemnul
Zin
The Shining One

Shops:
D:1 !(([   D:4 **


Innate Abilities, Weirdness & Mutations

You are too large for most types of armour.
You have claws for hands.
Your natural rate of healing is unusually fast.
You are covered in fur. (AC +1)
You have tough skin. (AC +1)


Message History

Done exploring.
Done exploring.
There is a stone staircase leading down here.
You climb downwards.
There is a stone staircase leading up here.
There is a stone staircase leading up here.
Found a stone staircase leading down.
Something hits you!
Deactivating autopickup; reactivate with Ctrl-A.
Something completely misses you.
No target in view!
Something hits you.
Unknown command.
Something hits you.
Found 11 gold pieces and a silvery potion.
Found a stone staircase leading up.
Something hits you. Something hits you! x2
Something hits you. Something hits you but does no damage. Something hits you.
You claw something! Something hits you! Something hits you but does no damage.
Something hits you!
* * * LOW HITPOINT WARNING * * *
You miss something. Something hits you.
* * * LOW HITPOINT WARNING * * *
Something hits you.
* * * LOW HITPOINT WARNING * * *
Something hits you but does no damage. Something hits you but does no damage.
Something hits you.
* * * LOW HITPOINT WARNING * * *
Something hits you.
* * * LOW HITPOINT WARNING * * *
Something hits you but does no damage. Something hits you!
* * * LOW HITPOINT WARNING * * *
Something hits you.
* * * LOW HITPOINT WARNING * * *
Something hits you!
You die...

.# .## ##.#..
#.## ..##.!..
... ..#.... ...
#....### #.#
##......## #.#
##....$....
#.###..#...#
#.........@#
##.........#
#..........#
##...####.....#
##..>.#
.###....
#..###....#
#.... ##..#
##..# #..# #..#
##.# ..# ##.##
#


There were no monsters in sight!

Vanquished Creatures
  A black bear (D:6)
  2 centaurs
  A scorpion (D:5)
  A water moccasin zombie (D:5)
  A water moccasin skeleton (D:6)
  A howler monkey (D:5)
  A centaur zombie (D:6)
  A hound (D:3)
  A gnoll shaman (D:5)
  A bullfrog skeleton (D:5)
  A killer bee zombie (D:6)
  A hound skeleton (D:4)
  A howler monkey zombie (D:6)
  7 gnolls
  8 adders
  An ufetubus (D:4)
  A worm (D:2)
  2 dart slugs (D:4)
  3 orcs
  3 endoplasms
  3 giant cockroaches
  7 goblins
  6 hobgoblins
  2 quokkas
  4 ball pythons
  3 bats
  2 frilled lizards
  6 kobolds
  6 rats
78 creatures vanquished.

Notes
Turn   | Place    | Note
-------+----------+-------------------------------------------
     0 | D:1      | Descartes the Troll Warper began the quest for the Orb.
     0 | D:1      | Reached XP level 1. HP: 19/19 MP: 1/1
    33 | D:1      | Found Seixzuid's Distillery.
   130 | D:1      | Found Egaoffuu's Weapon Shop.
   174 | D:1      | Found Puplehed's Antique Weapon Shop.
   190 | D:1      | Reached skill level 1 in Throwing
   218 | D:1      | Found Ciuwiur's Antique Armour Boutique.
   231 | D:1      | Reached XP level 2. HP: 24/28 MP: 2/2
   689 | D:2      | Reached XP level 3. HP: 35/35 MP: 3/3
  1142 | D:2      | Found a radiant altar of Vehumet.
  1511 | D:3      | Reached skill level 1 in Armour
  1578 | D:3      | Reached XP level 4. HP: 42/42 MP: 4/4
  2302 | D:4      | Reached XP level 5. HP: 50/50 MP: 5/5
  2328 | D:4      | Found a white marble altar of Elyvilon.
  2516 | D:4      | Found Ushato's General Store.
  2518 | D:4      | Found Fiofeg Ego's Specific Store.
  2693 | D:4      | Found a staircase to the Ecumenical Temple.
  2726 | Temple   | Entered the Ecumenical Temple
  2949 | D:4      | Reached skill level 3 in Unarmed Combat
  3029 | D:5      | Entered Level 5 of the Dungeon
  3046 | D:5      | Found a radiant altar of Vehumet.
  3175 | D:5      | Reached XP level 6. HP: 45/59 MP: 6/6
  3486 | D:5      | Found an ancient bone altar of Kikubaaqudgha.
  3620 | D:5      | Found a basalt altar of Yredelemnul.
  4099 | D:6      | Reached XP level 7. HP: 66/67 MP: 7/7
  4357 | D:6      | Reached skill level 4 in Unarmed Combat
  4867 | D:7      | HP: 2/67 [something (6)]
  4867 | D:7      | Mangled by an unseen horror

Illustrated notes

Levels and vault maps discovered:
D:1:      dpeg_arrival_round_a, layout_loops_ring, serial_shops,
          nicolae_diamond_shop, shop, nicolae_shop_trees, shop, st_stairs_4,
          serial_bayou_pond_e, minivault_14
D:2:      layout_basic, basic_altar
D:3:      layout_basic, kennysheep_donut
D:4:      layout_gridville, nicolae_overflow_crystal_walls, temple_doors_e,
          nicolae_specific_store, grunt_tough_drop
D:5:      layout_basic, nicolae_vehumet_radiance, mainiacjoe_overflow_alcove_2,
          mainiacjoe_overflow_concentric_impassable, minmay_hedge_maze,
          roderic_lattice_a, minivault_14, minmay_misc_feat_four_crosses
D:6:      layout_basic
D:7:      layout_layer_cave, serial_shops, nicolae_stop_n_shop_2
Temple:   nicolae_temple_elliptical

Skill      XL: |  1  2  3  4  5  6  7 |
---------------+----------------------+-----
Throwing       | 1 2 3 |  3.4
Fighting       | 2 3 |  3.5
Armour         | 1 2 |  2.9
Unarmed Combat | 3 4 |  4.2
Translocations | 3 |  3.6
Dodging        | |  1.9
Spellcasting   | |  1.2

Action                   |  1- 3 |  4- 6 |  7- 9 || total
-------------------------+-------+-------+-------++-------
Melee: Unarmed           |    95 |   150 |    53 ||   298
       Punch             |       |     5 |       ||     5
Armor: Robe              |    36 |    55 |    22 ||   113
Dodge: Dodged            |    52 |    72 |    37 ||   161
